 Dungeon Crawl Stone Soup version 0.28-a0-1629-gf728b707aa (webtiles) character file.

Game seed: 14397724697780269983

812 psuckher the Sneak (level 7, 0/46 (48) HPs)
             Began as a Demonspawn Delver on Jan 24, 2022.
             Was an Initiate of Gozag.
             Slain by a wight (7 damage)
             ... on level 4 of the Dungeon.
             The game lasted 00:20:50 (3690 turns).

psuckher the Sneak (Demonspawn Delver)              Turns: 3690, Time: 00:20:51

HP:   0/46 (48)     AC:  4    Str: 10 (12) XL:     7   Next: 61%
MP:   7/7           EV: 11    Int: 10 (12) God:    Gozag
Gold: 139           SH:  0    Dex: 11 (14) Spells: 4/6 levels left

rFire   . . .      SeeInvis .   a - +0 hand axe
rCold   . . .      Faith    .   (no shield)
rNeg    . . .      Spirit   .   b - +0 leather armour
rPois   .          Reflect  .   j - +0 helmet
rElec   .          Harm     .   (no cloak)
rCorr   .          Rampage  .   (no gloves)
Will    .....                   (no boots)
Stlth   ++........              (no amulet)
HPRegen 0.15/turn               (no ring)
MPRegen 0.10/turn               (no ring)

@: silenced, lightly drained
A: hooves 2, ignite blood 2, frail 1, weak 1
a: Renounce Religion


You were on level 4 of the Dungeon.
You worshipped Gozag.
Gozag was aware of your devotion.
You visited 2 branches of the dungeon, and saw 6 of its levels.

You collected 213 gold pieces.
You paid 74 gold pieces to Gozag.

Inventory:

Hand Weapons
 a - a +0 hand axe (weapon)
Missiles
 d - 6 poisoned darts (quivered)
Armour
 b - a +0 leather armour (worn)
 i - a scarf of harm
 j - a +0 helmet (worn)
Wands
 g - a wand of digging (3)
Scrolls
 c - a scroll of fog
 f - a scroll of silence
 h - a scroll of identify {unknown}
 l - 2 scrolls of teleportation {unknown}
 q - a scroll of noise {unknown}
 r - a scroll of torment {unknown}
 s - a scroll of amnesia
 t - a scroll of vulnerability {unknown}
Potions
 e - a potion of brilliance
 n - a potion of attraction
 p - a potion of lignification


   Skills:
 + Level 4.1 Fighting
 + Level 4.5 Axes
 + Level 3.4 Armour
 + Level 2.5 Dodging
 + Level 6.1 Stealth
 + Level 1.9 Evocations


You had 4 spell levels left.
You knew the following spells:

 Your Spells              Type           Power      Damage    Failure   Level
a - Passwall              Tmut/Erth      0%         N/A       58%         2

Your spell library contained the following spells:

 Spells                   Type           Power      Damage    Failure   Level
 Ensorcelled Hibernation  Hex/Ice        0%         N/A       58%         2
 Conjure Flame            Conj/Fire      0%         6-21      83%         3
 Ignite Poison            Fire/Tmut/Pois 0%         N/A       83%         3
 Swiftness                Air            0%         N/A       83%         3
 Sticky Flame             Conj/Fire      0%         2d3       99%         4
 Blade Hands              Tmut           0%         N/A       100%        5
 Irradiate                Conj/Tmut      0%         3d14      100%        5
 Dragon Form              Tmut           0%         N/A       100%        7


Dungeon Overview and Level Annotations

Branches:
Dungeon (5/15)             Temple (1/1) D:4

Altars:
Ashenzari
Cheibriados
Elyvilon
Gozag
Hepliaklqana
Kikubaaqudgha
Makhleb
Nemelex Xobeh
Okawaru
Qazlal
Ru
Sif Muna
Trog
Uskayaw
Vehumet
Wu Jian
Xom
Zin
The Shining One


Innate Abilities, Weirdness & Mutations

You have hoof-like feet.
Your demonic aura often causes spilled blood to erupt in flames.
You are frail. (-10% HP)
You are weak. (Str -2)


Message History

Aiming: Mindburst
Press: ? - help, Shift-Dir - straight line, f - wight
Aim: a wight, wielding a +0 morningstar and wearing a +0 robe (wandering, hasn't noticed you, chance to affect: 72%)
The wight struggles to resist.
The now-empty wand crumbles to dust.
The wight hits you with a +0 morningstar!
* * * LOW HITPOINT WARNING * * *
You hit the wight.
The wight is lightly damaged.
The wight hits you with a +0 morningstar!
* * * LOW HITPOINT WARNING * * *
You feel drained.
* * * LOW HITPOINT WARNING * * *
You barely miss the wight. You punch the wight, but do no damage.
The wight is lightly damaged.
The wight closely misses you.
It was a potion of curing.
You feel better. The wight closely misses you.
It was a potion of mutation.
You feel extremely strange.
You feel weaker.
You feel frail. The wight barely misses you.
It was a potion of degeneration.
There was something very wrong with that liquid.
You feel weakened.
You feel dopey.
You feel clumsy.
A wight comes into view. It is wielding a +4 spear.
The wight barely misses you.
Unknown command.
As you read the scroll labelled JEUCRO NOZEI, it crumbles to dust.
A profound silence engulfs you.
It was a scroll of silence.
The wight hits you with a +0 morningstar.
* * * LOW HITPOINT WARNING * * *
You feel drained.
* * * LOW HITPOINT WARNING * * *
Magic scrolls do not work when you're silenced!
Why would you want to do that? The wight barely misses you.
The wight hits you with a +0 morningstar.
* * * LOW HITPOINT WARNING * * *
The wight misses you.
The wight hits you with a +0 morningstar!
You die...
Your body crumbles into a pile of gold.

# #....≈≈≈≈≈≈≈≈≈....# #
#..≈≈≈≈≈≈≈≈≈≈≈≈≈..# ## #
#.≈≈≈≈≈≈≈≈≈≈≈≈≈≈≈.## ..
###.≈≈≈≈≈≈...≈≈≈≈≈≈..# ####.##
..)........>.≈≈≈≈≈≈..###.....#
###.≈≈≈≈≈≈...≈≈≈≈≈≈.......###.[.
###..≈≈≈≈≈≈≈≈≈≈≈≈≈zz####..#
.<#....≈≈≈≈≈≈≈≈≈.z○.# ##.###z#
..#...)..≈≈≈≈≈..@...# #.>.z#
....................# #..###
......######.##.....# #..#
......# #.##.###.# #... ......##
#..... ..# ##.## ..##.<.#
#.######.# #.# ..##.#.# #.# .#
#.# .......# #.# #.# ...#..##
#.#


You could see 3 wights.

Vanquished Creatures
  Pikel (D:4)
  An ogre (D:4)
  A black bear (D:4)
  A jelly (D:4)
  Ijyb (D:4)
  4 adders
  An adder skeleton (D:4)
  A dart slug (D:2)
  2 worms (D:2)
  2 orcs
  8 ball pythons
  3 endoplasms (D:1)
  7 giant cockroaches
  A goblin (D:4)
  5 hobgoblins
  3 jackals (D:4)
  6 kobolds
  3 bats (D:1)
  2 frilled lizards (D:3)
  7 rats
60 creatures vanquished.

Notes
Turn   | Place    | Note
-------+----------+-------------------------------------------
     0 | D:5      | psuckher the Demonspawn Delver began the quest for the Orb.
     0 | D:5      | Reached XP level 1. HP: 18/18 MP: 1/1
    46 | D:5      | Gained mutation: Your demonic aura sometimes causes spilled
                  | blood to erupt in flames. [demonic ancestry]
    46 | D:5      | Reached XP level 2. HP: 13/24 MP: 2/2
    91 | D:5      | Noticed an ice beast
   108 | D:4      | Noticed a wight
   108 | D:4      | Noticed a wight
   108 | D:4      | Noticed a wight
   108 | D:4      | Noticed a wight
   108 | D:4      | Noticed an ogre
   235 | D:4      | Noticed a lemure
   242 | D:4      | Noticed Ijyb
   243 | D:4      | HP: 1/24 [Ijyb/iceblast (7)]
   245 | D:4      | Noticed a howler monkey
   578 | D:3      | Found a shimmering blue altar of Sif Muna.
   776 | D:3      | Reached skill level 5 in Stealth
   782 | D:3      | Reached XP level 3. HP: 25/29 MP: 3/3
  1735 | D:2      | Reached skill level 1 in Armour
  1941 | D:1      | Gained mutation: You have large cloven feet. [demonic
                  | ancestry]
  1941 | D:1      | Reached XP level 4. HP: 9/35 MP: 4/4
  2564 | D:1      | Learned a level 2 spell: Passwall
  3163 | D:4      | Found a staircase to the Ecumenical Temple.
  3187 | Temple   | Entered the Ecumenical Temple
  3297 | Temple   | Became a worshipper of Gozag Ym Sagoz the Greedy
  3545 | D:4      | Noticed a black bear
  3548 | D:4      | Killed a black bear
  3549 | D:4      | Reached XP level 5. HP: 41/41 MP: 5/5
  3573 | D:4      | Noticed Pikel
  3573 | D:4      | Noticed a lemure
  3575 | D:4      | Noticed a lemure
  3576 | D:4      | Killed Ijyb
  3582 | D:4      | Killed Pikel
  3583 | D:4      | Reached skill level 6 in Stealth
  3583 | D:4      | Reached skill level 1 in Evocations
  3583 | D:4      | Gained mutation: Your demonic aura often causes spilled
                  | blood to erupt in flames. [demonic ancestry]
  3583 | D:4      | Reached XP level 6. HP: 33/48 MP: 6/6
  3583 | D:4      | Gained mutation: You have hoof-like feet. [demonic
                  | ancestry]
  3583 | D:4      | Reached XP level 7. HP: 37/54 MP: 7/7
  3680 | D:4      | Gained mutation: You are weak. (Str -2) [potion of
                  | mutation]
  3680 | D:4      | Gained mutation: You are frail. (-10% HP) [potion of
                  | mutation]
  3690 | D:4      | Slain by a wight

Illustrated notes

Levels and vault maps discovered:
D:1:      matt_arrival_los_fun, layout_rooms, minmay_bisected
D:2:      layout_basic
D:3:      layout_loops_ring, elyvilon_altar_5, jmf_multi_god_temple,
          nicolae_concentric_dashed_squares_mild, corexii_leaking_fountain
D:4:      layout_loops_ring, temple_pool_b, minivault_26, uniq_ijyb, uniq_pikel
D:5:      layout_loops_ring, mainiacjoe_overflow_alcove_2,
          grunt_temple_overflow_open, lightli_sewer_entry_pipes,
          uniq_crazy_yiuf_cottage
Temple:   minmay_temple_bridge_d

Skill      XL: |  1  2  3  4  5 |
---------------+----------------+-----
Dodging        | 2 |  2.5
Stealth        | 5 6 |  6.1
Axes           | 2 3 4 |  4.5
Armour         | 1 3 |  3.4
Fighting       | 4 |  4.1
Evocations     | 1 |  1.9

Action                   |  1- 3 |  4- 6 |  7- 9 || total
-------------------------+-------+-------+-------++-------
Melee: Hand axe          |    90 |    62 |     5 ||   157
       Punch             |     3 |       |     1 ||     4
       Kick              |       |    21 |       ||    21
Evoke: Wand              |       |    11 |     4 ||    15
  Use: Scroll            |     4 |     1 |     1 ||     6
       Potion            |     4 |     4 |     3 ||    11
 Stab: Sleeping          |     6 |     6 |       ||    12
Armor: Leather armour    |    23 |    17 |     1 ||    41
Dodge: Dodged            |    61 |    46 |     8 ||   115

Table legend: (Time is in decaauts)
 A = Elapsed time spent in this place.
 B = Non-inter-level travel time spent in this place.
 C = Inter-level travel time spent in this place.
 D = Time resting spent in this place.
 E = Time spent auto-exploring this place.
 F = Levels seen in this place.
 G = Mean time per level.
                   A        B        C        D        E       F      G
               +--------+--------+--------+--------+--------+-----+--------+
         Total |   3705 |   3202 |    503 |      0 |      0 |   6 |  617.5 |
       Dungeon |   3514 |   3143 |    371 |      0 |      0 |   5 |  702.8 |
        Temple |    190 |     58 |    132 |      0 |      0 |   1 |  190.0 |
               +--------+--------+--------+--------+--------+-----+--------+

Top non-repeatable levels by time:
     D:2: 1088 daAuts
     D:3: 1036 daAuts
     D:1: 807 daAuts
     D:4: 461 daAuts
  Temple: 190 daAuts
     D:5: 121 daAuts
